 Dungeon Sprint DCSS version 0.16.1-28-gcc2312f (webtiles) character file.

2420 Kidiri the Thaumaturge (level 9, -10/62 HPs)
             Began as a High Elf Fire Elementalist on May 28, 2015.
             Was the Champion of Vehumet.
             Mangled by a fire crab (15 damage)
             ... in the Dungeon (Sprint VII: "The Pits").
             The game lasted 00:20:24 (2014 turns).

Kidiri the Thaumaturge (High Elf Fire Elementalist) Turns: 2014, Time: 00:20:24

Health: -10/62     AC:  7    Str:  7    XL:     9   Next: 24%
Magic:  25/29      EV: 18    Int: 23    God:    Vehumet [******]
Gold:   0          SH:  0    Dex: 19    Spells: 8 memorised, 6 levels left

rFire  . . .     SeeInvis .     A - +2 scimitar (holy)
rCold  . . .     Clarity  .     a - +0 robe
rNeg   . . .     SustAb   .     (no shield)
rPois  .         Gourm    .     y - +0 helmet
rElec  .         Spirit   .     z - +0 cloak
rCorr  .         Warding  .     (no gloves)
rMut   .         NoTele   +     (no boots)
MR     .....                    (no amulet)
Stlth  ++++......               u - +3 ring of dexterity
                                t - +3 ring of protection

@: not resistant to hostile enchantments, stealthy
A: no striking features
a: Renounce Religion


You were in the Dungeon.
You worshipped Vehumet.
Vehumet was exalted by your worship.
You were not hungry.

You visited 1 branch

Inventory:

Hand weapons
 A - a +2 scimitar of holy wrath (weapon)
Armour
 a - a +0 robe (worn)
 y - a +0 helmet (worn)
 z - a +0 cloak (worn)
Magical staves
 m - an uncursed staff of energy
Jewellery
 t - a +3 ring of protection (left hand)
 u - a +3 ring of dexterity (right hand)
Scrolls
 n - 2 scrolls of remove curse
 o - 5 scrolls of amnesia
 p - a scroll of summoning
Potions
 e - 12 potions of heal wounds
 g - 2 potions of magic
 h - 4 potions of berserk rage
 l - 2 potions of invisibility
 q - 6 potions of curing
 v - a potion of cure mutation
 w - a potion of might
 x - a potion of agility
Books
 b - a book of Flames

   Spells                             Type                      Level
   a - Flame Tongue                   Conjuration/Fire             1
   b - Throw Flame                    Conjuration/Fire             2
   c - Conjure Flame                  Conjuration/Fire             3
   d - Inner Flame                    Hexes/Fire                   3
   e - Sticky Flame                   Conjuration/Fire             4
   f - Fireball                       Conjuration/Fire             5
Comestibles
 c - 8 bread rations
 j - 40 fruits
 k - 6 meat rations


   Skills:
 + Level 6.2 Fighting
 + Level 7.4 Dodging
 + Level 8.1 Stealth
 * Level 10.2 Spellcasting
 * Level 9.8 Conjurations
 + Level 5.9 Hexes
 * Level 9.6 Fire Magic
 + Level 5.8 Air Magic
 + Level 4.0 Poison Magic


You had 6 spell levels left.
You knew the following spells:

 Your Spells              Type           Power        Failure   Level  Hunger
a - Flame Tongue          Conj/Fire      #####        1%          1    None
b - Throw Flame           Conj/Fire      ######       1%          2    None
c - Conjure Flame         Conj/Fire      ######..     1%          3    None
d - Inner Flame           Hex/Fire       #####...     1%          3    None
e - Magic Dart            Conj           ####         1%          1    None
f - Mephitic Cloud        Conj/Pois/Air  #####...     1%          3    None
g - Sticky Flame          Conj/Fire      ######..     1%          4    #......
h - Fireball              Conj/Fire      ######....   1%          5    ####...


Dungeon Overview and Level Annotations

Branches:
Dungeon (1/1)

Altars:
Ashenzari
Cheibriados
Dithmenos
Elyvilon
Fedhas
Gozag
Kikubaaqudgha
Makhleb
Nemelex Xobeh
Okawaru
Qazlal
Ru
Sif Muna
Trog
Vehumet
Xom
Yredelemnul
Zin
The Shining One
Beogh
Jiyva
Lugonu


Message History

You feel your power returning.
Casting: Flame Tongue
Confirm with . or Enter, or press ? or * to list all spells.
Aiming: Flame Tongue
Press: ? - help, Shift-Dir - straight line, f - fire crab
Aim: a fire crab (flame)
The flame tongue misses the fire crab.
The fire crab bites you!
You are engulfed in flames!
The fire crab claws you but does no damage.
You hit the fire crab.
The fire crab is lightly wounded.
The fire crab breathes flames at you. The blast of flame engulfs you!
The fire crab bites you.
You are engulfed in flames!
The fire crab closely misses you.
Unknown command.
Unknown command.
You are engulfed in roaring flames.
* * * LOW HITPOINT WARNING * * *
The fire crab closely misses you. The fire crab claws you!
You die...

#.......##..##
#.......##...##
#...<...###...##+##..
#.......# ##)........
#.......###..###+###.
#.......##))##.....##
##########..)...§...+
##########..##.§§§.## #
...#....###..###@###...#
...#..[[# ##.§§§§t....#
)..'..))# #...##+##..##
...#..))##...## ..#
...#..))##..## ..+
########### #


You could see a fire crab.

Vanquished Creatures
  A death yak (D)
  A fire drake (D)
  A hippogriff (D)
  2 soldier ants (D)
  A porcupine (D)
  An ice beast (D)
  A centaur (D)
  A brain worm (D)
  A giant frog (D)
  A scorpion (D)
  5 wights (D)
  6 killer bees (D)
  2 orc priests (D)
  2 jellies (D)
  2 orc wizards (D)
  A worker ant (D)
  A mummy (D)
  3 river rats (D)
  A giant mite (D)
  A giant eyeball (D)
  A white imp (D)
  An adder skeleton (D)
  A giant gecko (D)
  An orc (D)
  A ball python (D)
  A giant cockroach (D)
  2 kobolds (D)
  A quokka (D)
  A giant newt (D)
  A goblin (D)
46 creatures vanquished.

Notes
Turn   | Place    | Note
--------------------------------------------------------------
     0 | D        | Kidiri, the High Elf Fire Elementalist, began the quest for the Orb.
     0 | D        | Reached XP level 1. HP: 11/11 MP: 4/4
    12 | D        | Noticed a worker ant
    26 | D        | Killed a worker ant
    26 | D        | Reached skill level 1 in Fighting
    26 | D        | Reached XP level 2. HP: 15/18 MP: 0/7
    30 | D        | Learned a level 2 spell: Throw Flame
    42 | D        | Found a sacrificial altar of Ru.
    42 | D        | Found a basalt altar of Yredelemnul.
    42 | D        | Found a shadowy altar of Dithmenos.
    42 | D        | Found a deep blue altar of Sif Muna.
    42 | D        | Found a burning altar of Makhleb.
    42 | D        | Found a shimmering altar of Xom.
    42 | D        | Found an ancient bone altar of Kikubaaqudgha.
    42 | D        | Found a sparkling altar of Nemelex Xobeh.
    43 | D        | Found a glowing golden altar of the Shining One.
    43 | D        | Found a bloodstained altar of Trog.
    43 | D        | Found a shattered altar of Ashenzari.
    43 | D        | Found a white marble altar of Elyvilon.
    43 | D        | Found a snail-covered altar of Cheibriados.
    43 | D        | Found a blossoming altar of Fedhas.
    43 | D        | Found a radiant altar of Vehumet.
    43 | D        | Found a glowing silver altar of Zin.
    43 | D        | Found a corrupted altar of Lugonu.
    43 | D        | Found a viscous altar of Jiyva.
    43 | D        | Found a roughly hewn altar of Beogh.
    43 | D        | Found an iron altar of Okawaru.
    49 | D        | Found a stormy altar of Qazlal.
    50 | D        | Found an opulent altar of Gozag.
    53 | D        | Became a worshipper of Vehumet
   101 | D        | Paralysed by a giant eyeball for 3 turns
   105 | D        | Reached skill level 4 in Fire Magic
   105 | D        | Reached XP level 3. HP: 23/23 MP: 4/10
   118 | D        | Learned a level 3 spell: Conjure Flame
   122 | D        | Learned a level 3 spell: Inner Flame
   206 | D        | Acquired Vehumet's first power
   206 | D        | Offered knowledge of Magic Dart by Vehumet.
   258 | D        | Learned a level 1 spell: Magic Dart
   266 | D        | Offered knowledge of Sandblast by Vehumet.
   443 | D        | Noticed a porcupine
   448 | D        | Killed a porcupine
   448 | D        | Offered knowledge of Mephitic Cloud by Vehumet.
   448 | D        | Reached skill level 5 in Spellcasting
   448 | D        | Reached skill level 5 in Conjurations
   448 | D        | Reached skill level 5 in Fire Magic
   448 | D        | Reached XP level 4. HP: 28/31 MP: 0/16
   448 | D        | Reached XP level 5. HP: 32/36 MP: 0/18
   454 | D        | Learned a level 3 spell: Mephitic Cloud
   560 | D        | Acquired Vehumet's second power
   564 | D        | Noticed an ice beast
   607 | D        | Killed an ice beast
   607 | D        | Reached skill level 5 in Stealth
   607 | D        | Reached skill level 6 in Spellcasting
   613 | D        | Learned a level 4 spell: Sticky Flame
   682 | D        | Noticed a giant frog
   694 | D        | Offered knowledge of Stone Arrow by Vehumet.
   694 | D        | Reached XP level 6. HP: 43/43 MP: 13/21
   847 | D        | Noticed a scorpion
   861 | D        | Killed a giant frog
   861 | D        | Reached skill level 5 in Dodging
   861 | D        | Reached skill level 1 in Air Magic
   867 | D        | Killed a scorpion
   867 | D        | Reached skill level 7 in Spellcasting
   867 | D        | Reached skill level 1 in Poison Magic
   978 | D        | Acquired Vehumet's third power
   978 | D        | Offered knowledge of Fulminant Prism by Vehumet.
   980 | D        | Noticed a centaur
   991 | D        | Killed a centaur
  1164 | D        | Noticed a jelly
  1166 | D        | Killed a jelly
  1170 | D        | Reached XP level 7. HP: 49/49 MP: 15/24
  1172 | D        | Offered knowledge of Poison Arrow by Vehumet.
  1310 | D        | Noticed a death yak
  1310 | D        | Noticed a wight
  1310 | D        | Noticed a wight
  1310 | D        | Noticed a wight
  1310 | D        | Noticed a wight
  1310 | D        | Noticed a wight
  1316 | D        | Killed a wight
  1316 | D        | Killed a wight
  1316 | D        | Killed a wight
  1316 | D        | Killed a wight
  1316 | D        | Reached skill level 8 in Spellcasting
  1320 | D        | Killed a death yak
  1320 | D        | Reached skill level 5 in Fighting
  1320 | D        | Reached skill level 9 in Spellcasting
  1320 | D        | Reached skill level 5 in Hexes
  1320 | D        | Reached XP level 8. HP: 50/56 MP: 13/27
  1327 | D        | Learned a level 5 spell: Fireball
  1333 | D        | Killed a wight
  1503 | D        | Noticed a jelly
  1503 | D        | Noticed an orc wizard
  1503 | D        | Noticed an orc priest
  1506 | D        | Noticed an orc priest
  1507 | D        | Noticed an orc wizard
  1508 | D        | Killed a jelly
  1512 | D        | Noticed a killer bee
  1512 | D        | Noticed a killer bee
  1512 | D        | Killed an orc priest
  1514 | D        | Noticed a killer bee
  1514 | D        | Killed an orc priest
  1514 | D        | Noticed a killer bee
  1514 | D        | Noticed a killer bee
  1517 | D        | Killed a killer bee
  1517 | D        | Offered knowledge of Lee's Rapid Deconstruction by Vehumet.
  1517 | D        | Killed a killer bee
  1517 | D        | Reached skill level 5 in Air Magic
  1517 | D        | Killed a killer bee
  1517 | D        | Killed an orc wizard
  1518 | D        | Noticed a killer bee
  1520 | D        | Killed a killer bee
  1522 | D        | Killed a killer bee
  1523 | D        | Noticed a brain worm
  1523 | D        | Noticed a soldier ant
  1525 | D        | Noticed a hippogriff
  1560 | D        | Killed a killer bee
  1739 | D        | Killed a soldier ant
  1741 | D        | Killed a brain worm
  1741 | D        | Offered knowledge of Bolt of Cold by Vehumet.
  1755 | D        | Killed an orc wizard
  1773 | D        | Killed a hippogriff
  1773 | D        | Reached XP level 9. HP: 59/62 MP: 12/29
  1778 | D        | Noticed a fire drake
  1788 | D        | Noticed a soldier ant
  1790 | D        | Killed a fire drake
  1790 | D        | Reached skill level 10 in Spellcasting
  2005 | D        | Noticed a fire crab
  2011 | D        | Killed a soldier ant
  2014 | D        | Mangled by a fire crab

Action                   |  1- 3 |  4- 6 |  7- 9 || total
-------------------------+-------+-------+-------++-------
Melee: Unarmed           |     4 |       |       ||     4
       Staff             |     3 |       |       ||     3
       Falchion          |     2 |     2 |     1 ||     5
       Scimitar          |       |       |    13 ||    13
 Cast: Flame Tongue      |    25 |     9 |    19 ||    53
       Throw Flame       |     5 |     6 |    18 ||    29
       Conjure Flame     |     1 |     7 |     3 ||    11
       Inner Flame       |     1 |     4 |     4 ||     9
       Magic Dart        |       |    11 |       ||    11
       Mephitic Cloud    |       |     1 |     2 ||     3
       Sticky Flame      |       |     2 |     7 ||     9
       Fireball          |       |       |     2 ||     2
  Use: Potion            |     1 |     1 |     2 ||     4
       Scroll            |       |       |     2 ||     2
 Stab: Sleeping          |     1 |       |       ||     1
  Eat: Chunk             |       |     1 |       ||     1
       Meat ration       |       |       |     1 ||     1
